 Dungeon Crawl Stone Soup version 0.30.0-19-g36f170ea60 (webtiles) character file.

Game seed: 4101461206693603629

238 sampeng1 the Chopper (level 6, -14/53 HPs)
             Began as a Gnoll Cinder Acolyte on May 27, 2023.
             Was a High Priest of Ignis.
             Demolished by an ogre
             ... wielding a +0 giant club
              (24 damage)
             ... on level 4 of the Dungeon.
             The game lasted 00:12:51 (3415 turns).

sampeng1 the Chopper (Gnoll Cinder Acolyte)         Turns: 3415, Time: 00:12:52

Health: -14/53     AC:  5    Str: 13    XL:     6   Next: 7%
Magic:  11/11      EV: 11    Int: 15    God:    Ignis [*****.]
Gold:   164        SH:  0    Dex:  8    Spells: 6/11 levels left

rFire   + . .        c - +0 war axe
rCold   . . .        g - orb {*Rage}
rNeg    . . .        b - +2 robe
rPois   .            (no helmet)
rElec   .            (no cloak)
rCorr   .            (no gloves)
SInv    .            k - +0 pair of boots
Will    +....        (no amulet)
Stlth   ++           h - ring of willpower
HPRegen 0.28/turn    (no ring)
MPRegen 0.12/turn

%: random rage (20%)
@: on berserk cooldown, slowed, very slow
A: fangs 1, strong nose, distributed training
a: Renounce Religion, Fiery Armour, Foxfire Swarm, Rising Flame


You were on level 4 of the Dungeon.
You worshipped Ignis.
Ignis was extremely pleased with you.
You visited 1 branch of the dungeon, and saw 4 of its levels.

You collected 164 gold pieces.

Inventory:

Hand Weapons
 a - a -1 hand axe of flaming
 c - a +0 war axe (weapon)
 j - a +1 heavy sling
Armour
 b - a +2 robe (worn)
 g - an orb of wrath (worn)
 k - a +0 pair of boots (worn)
Jewellery
 h - a ring of willpower (left hand)
Wands
 e - a wand of charming (2)
 l - a wand of roots (7)
Scrolls
 d - a scroll of noise {unknown}
 i - a scroll of immolation
 n - a scroll of blinking {unknown}
 q - a scroll of identify
Potions
 f - a potion of resistance
 m - 3 potions of attraction
 o - a potion of brilliance {unknown}
 p - a potion of might {unknown}
 r - 3 potions of heal wounds


   Skills:
 + Level 6.8 Fighting
 + Level 1.8 Short Blades
 + Level 1.8 Long Blades
 + Level 6.8 Axes
 + Level 1.8 Maces & Flails
 + Level 1.8 Polearms
 + Level 1.8 Staves
 + Level 1.8 Ranged Weapons
 + Level 1.8 Throwing
 + Level 1.8 Armour
 + Level 1.8 Dodging
 + Level 1.8 Stealth
 + Level 1.8 Shields
 + Level 1.8 Unarmed Combat
 + Level 3.3 Spellcasting
 + Level 1.4 Conjurations
 + Level 1.4 Hexes
 + Level 1.4 Summonings
 + Level 1.4 Necromancy
 + Level 1.4 Translocations
 + Level 1.4 Transmutations
 + Level 5.6 Fire Magic
 + Level 1.4 Ice Magic
 + Level 1.4 Air Magic
 + Level 1.4 Earth Magic
 + Level 1.4 Poison Magic
 + Level 2.0 Invocations
 + Level 1.8 Evocations


You had 6 spell levels left.
You knew the following spells:

 Your Spells              Type           Power      Damage    Failure   Level
a - Scorch                Fire           38%        2d7       2%          2
b - Frozen Ramparts       Ice            12%        1d2       32%         3

Your spell library contained the following spells:

 Spells                   Type           Power      Damage    Failure   Level
 Freeze                   Ice            24%        1d4       11%         1
 Hailstorm                Conj/Ice       6%         3d4       32%         3


Dungeon Overview and Level Annotations

Branches:
Dungeon (4/15)
 Temple: D:4-7

Altars:
Uskayaw
The Shining One


Innate Abilities, Weirdness & Mutations

You have very sharp teeth.
Your uncanny sense of smell can sniff out nearby items.
Your experience applies equally to all skills.


Message History

The jackal barely misses you.
The jackal bites you but does no damage.
You barely miss the jackal. The jackal closely misses you.
The jackal bites you but does no damage.
You closely miss the jackal. The jackal bites you. x2
The jackal barely misses you.
You barely miss the jackal. The jackal barely misses you.
The jackal bites you but does no damage.
You miss the jackal.
The jackal bites you but does no damage.
The jackal closely misses you. The jackal bites you.
You hit the jackal. You bite the jackal.
The jackal is almost dead.
The jackal bites you but does no damage. x2
You slash the jackal!
You kill the jackal!
The ogre barely misses you.
You barely miss the ogre. Your bite misses the ogre.
The ogre barely misses you.
You closely miss the ogre. The ogre barely misses you.
You slash the ogre!
The ogre is moderately wounded.
The ogre closely misses you.
You hit the ogre but do no damage.
The ogre is moderately wounded.
The ogre closely misses you. The ogre hits you with a +0 giant club!
You hit the ogre. You bite the ogre.
The ogre is severely wounded.
The ogre barely misses you.
You barely miss the ogre.
The ogre is severely wounded.
The ogre hits you with a +0 giant club!!
You slash the ogre!
The ogre is almost dead.
The ogre hits you with a +0 giant club!
* * * LOW HITPOINT WARNING * * *
You barely miss the ogre.
The ogre is almost dead.
The ogre hits you with a +0 giant club!!
You die...

.##.# #....#.#.# ##.##
#.### ....# #......#.#
#.# #.### .####
#..#####.# #.# #.... '##
#..# .# #)# ##### ).##
#... .# #.# ## .<.# ##.#
## #.#### ##. ....# .#
##....###.. .....#
...###########...#.##...
.....+
......O@............+...
.....#
......########...#.##...
....## ..### ##.##.###..
...## ### # ##. ..##
#######^# ## #.......# #
#####.#######
#.....>...#######
#.###.##.........


You could see an ogre.

Vanquished Creatures
  A sleepcap (D:4)
  A hound (D:4)
  2 iguanas
  4 adders
  A white imp (D:4)
  A worm (D:3)
  A dart slug (D:2)
  2 orcs
  6 endoplasms
  4 giant cockroaches
  7 goblins
  5 hobgoblins
  8 jackals
  4 quokkas
  6 ball pythons
  7 bats
  A frilled lizard (D:1)
  8 kobolds
  6 rats
75 creatures vanquished.

Notes
Turn   | Place    | Note
-------+----------+-------------------------------------------
     0 | D:1      | sampeng1 the Gnoll Cinder Acolyte began the quest for the
                  | Orb.
     0 | D:1      | Reached XP level 1. HP: 23/23 MP: 4/4
   138 | D:1      | Reached XP level 2. HP: 19/29 MP: 5/5
   579 | D:1      | Reached XP level 3. HP: 27/35 MP: 7/7
   951 | D:2      | Reached skill level 1 in Invocations
  1240 | D:2      | Reached skill level 1 in Short Blades
  1240 | D:2      | Reached skill level 1 in Long Blades
  1240 | D:2      | Reached skill level 1 in Maces & Flails
  1240 | D:2      | Reached skill level 1 in Polearms
  1240 | D:2      | Reached skill level 1 in Staves
  1240 | D:2      | Reached skill level 1 in Ranged Weapons
  1240 | D:2      | Reached skill level 1 in Throwing
  1240 | D:2      | Reached skill level 1 in Armour
  1240 | D:2      | Reached skill level 1 in Dodging
  1240 | D:2      | Reached skill level 1 in Stealth
  1240 | D:2      | Reached skill level 1 in Shields
  1240 | D:2      | Reached skill level 1 in Unarmed Combat
  1240 | D:2      | Reached skill level 1 in Evocations
  1376 | D:2      | Found a hide-covered altar of Uskayaw.
  1500 | D:2      | Reached XP level 4. HP: 41/41 MP: 8/8
  1575 | D:2      | Learned a level 2 spell: Scorch
  1860 | D:3      | Found a faded altar of an unknown god.
  2356 | D:3      | Reached skill level 1 in Conjurations
  2356 | D:3      | Reached skill level 1 in Hexes
  2356 | D:3      | Reached skill level 1 in Summonings
  2356 | D:3      | Reached skill level 1 in Necromancy
  2356 | D:3      | Reached skill level 1 in Translocations
  2356 | D:3      | Reached skill level 1 in Transmutations
  2356 | D:3      | Reached skill level 1 in Ice Magic
  2356 | D:3      | Reached skill level 1 in Air Magic
  2356 | D:3      | Reached skill level 1 in Earth Magic
  2356 | D:3      | Reached skill level 1 in Poison Magic
  2584 | D:4      | Reached XP level 5. HP: 10/47 MP: 6/9
  3054 | D:4      | Found a glowing golden altar of the Shining One.
  3067 | D:4      | Reached XP level 6. HP: 30/53 MP: 9/11
  3273 | D:4      | Learned a level 3 spell: Frozen Ramparts
  3415 | D:4      | Demolished by an ogre

Illustrated notes

Levels and vault maps discovered:
D:1:      tarquinn_simple_flora_water_c, layout_loops_cross, minmay_vboxes
D:2:      layout_loops_ring, basic_altar
D:3:      layout_loops_cross, shapermc_ecumenical_altar_mp_highgroup,
          minmay_misc_feat_more_columns, serial_park_tiny_pond,
          lemuel_flame_loot_1
D:4:      layout_loops_corners, old_standard_altar, minmay_fire_ice_demons

Skill      XL: |  1  2  3  4  5 |
---------------+----------------+-----
Invocations    | 1 2 |  2.0
Short Blades   | 1 |  1.8
Long Blades    | 1 |  1.8
Maces & Flails | 1 |  1.8
Polearms       | 1 |  1.8
Staves         | 1 |  1.8
Ranged Weapons | 1 |  1.8
Throwing       | 1 |  1.8
Armour         | 1 |  1.8
Dodging        | 1 |  1.8
Stealth        | 1 |  1.8
Shields        | 1 |  1.8
Unarmed Combat | 1 |  1.8
Evocations     | 1 |  1.8
Spellcasting   | 3 |  3.3
Conjurations   | 1 |  1.4
Hexes          | 1 |  1.4
Summonings     | 1 |  1.4
Necromancy     | 1 |  1.4
Translocations | 1 |  1.4
Transmutations | 1 |  1.4
Ice Magic      | 1 |  1.4
Air Magic      | 1 |  1.4
Earth Magic    | 1 |  1.4
Poison Magic   | 1 |  1.4
Fighting       | |  6.8
Axes           | |  6.8
Fire Magic     | |  5.6

Action                     |  1- 3 |  4- 6 || total
---------------------------+-------+-------++-------
  Melee: Hand axe          |   128 |    15 ||   143
         Bite              |     6 |     9 ||    15
         War axe           |       |    81 ||    81
   Cast: Scorch            |       |     8 ||     8
    Use: Scroll            |     1 |     9 ||    10
         Potion            |       |     2 ||     2
   Stab: Sleeping          |       |     1 ||     1
 Armour: Leather armour    |    36 |       ||    36
         Ring mail         |    24 |     7 ||    31
         Robe              |       |    34 ||    34
  Dodge: Dodged            |   100 |    54 ||   154
